 Dungeon Crawl Stone Soup version 0.30.0-30-g96aa6591b8 (webtiles) character file.

Game seed: 1831468288754105545

4265 Tirrikindir the Carver (level 10, -6/68 HPs)
             Began as an Octopode Fighter on June 28, 2023.
             Was an Initiate of Gozag.
             Shot with an arrow by a centaur (10 damage)
             ... on level 8 of the Dungeon.
             The game lasted 00:23:00 (8619 turns).

Tirrikindir the Carver (Octopode Fighter)           Turns: 8619, Time: 00:23:01

Health: -6/68      AC:  1    Str: 18    XL:     10   Next: 31%
Magic:  10/10      EV: 14    Int: 21    God:    Gozag
Gold:   373        SH: 10    Dex: 16    Spells: 9/9 levels left

rFire   . . .        I - +2 scimitar (drain)
rCold   . . .        G - +0 kite shield {reflect}
rNeg    + . .        (helmet restricted)
rPois   +            (no amulet)
rElec   .            e - ring of resist corrosion
rCorr   +            j - ring of poison resistance
SInv    .            B - +6 ring of intelligence
Will    .....        D - ring "Minwayso" {rN+ Int+4 Dex+3 Stlth+}
Stlth   +++++        (no ring)
HPRegen 0.31/turn    (no ring)
MPRegen 0.12/turn    (no ring)
                     (no ring)

%: reflection
@: gold aura, on berserk cooldown, slowed, very slow
A: almost no armour, amphibious, 8 rings, camouflage 1, gelatinous body 1,
(nimble swimmer 1), tentacles
a: Renounce Religion, Potion Petition, Call Merchant, Bribe Branch


You were on level 8 of the Dungeon.
You worshipped Gozag.
Gozag was aware of your devotion.
You visited 2 branches of the dungeon, and saw 9 of its levels.
You also visited: Sewer and Ossuary.

You collected 1201 gold pieces.
You spent 773 gold pieces at shops.
You paid 55 gold pieces to Gozag.

Inventory:

Hand Weapons
 p - a +1 rapier of flaming
 I - a +2 scimitar of draining (weapon)
Missiles
 i - 44 poisoned darts (quivered)
Armour
 b - a +1 buckler
 G - a +0 kite shield of reflection (worn)
Jewellery
 e - a ring of resist corrosion (left tentacle)
 j - a ring of poison resistance (right tentacle)
 B - a +6 ring of intelligence (on tentacle)
 D - the ring "Minwayso" (on tentacle) {rN+ Int+4 Dex+3 Stlth+}
   (You bought it in a shop on level 2 of the Dungeon)

   [ring of positive energy]

   Int:       It affects your intelligence (+4).
   Dex:       It affects your dexterity (+3).
   rN:        It protects you from negative energy.
   Stlth:     It makes you more stealthy.
Wands
 g - a wand of digging (6)
 F - a wand of charming (13)
 H - a wand of flame (11)
Scrolls
 a - a scroll of brand weapon {unknown}
 h - a scroll of poison
 k - a scroll of enchant weapon
 l - 2 scrolls of enchant armour
 n - a scroll of fog
 o - a scroll of amnesia
 u - a scroll of torment {unknown}
 x - 2 scrolls of immolation {unknown}
 y - a scroll of acquirement {unknown}
 A - 3 scrolls of teleportation
 C - a scroll of silence {unknown}
 E - 2 scrolls of blinking {unknown}
Potions
 c - a potion of might
 d - a potion of berserk rage
 f - 2 potions of resistance
 m - 2 potions of haste
 q - 3 potions of heal wounds
 r - 2 potions of invisibility {unknown}
 s - 4 potions of flight {unknown}
 t - 3 potions of curing
 v - a potion of brilliance {unknown}
 w - a potion of magic {unknown}
 z - a potion of mutation {unknown}


   Skills:
 * Level 5.8 Fighting
 * Level 10.4 Long Blades
 + Level 1.8 Throwing
 * Level 5.0 Dodging
 + Level 6.7 Stealth
 * Level 5.0 Shields
 + Level 5.5 Evocations


You had 9 spell levels left.
You didn't know any spells.
Your spell library contained the following spells:

 Spells                   Type           Power      Damage    Failure   Level
 Beastly Appendage        Tmut           0%         N/A       41%         1
 Shock                    Conj/Air       0%         1d3       41%         1
 Wereblood                Tmut           0%         N/A       54%         2
 Portal Projectile        Hex/Tloc       0%         N/A       78%         3
 Spider Form              Tmut/Pois      0%         N/A       78%         3
 Swiftness                Air            0%         N/A       78%         3
 Tukima's Dance           Hex            0%         N/A       78%         3
 Airstrike                Air            0%         2d(0-16)  99%         4
 Blade Hands              Tmut           0%         N/A       100%        5


Dungeon Overview and Level Annotations

Branches:
Dungeon (8/15)             Temple (1/1) D:4           Sewer (visited)
Ossuary (visited)
   Lair: D:8-11

Altars:
Ashenzari
Cheibriados
Dithmenos
Elyvilon
Gozag
Hepliaklqana
Kikubaaqudgha
Makhleb
Nemelex Xobeh
Qazlal
Ru
Sif Muna
Trog
Uskayaw
Wu Jian
Xom
Yredelemnul
Zin
The Shining One

Shops:
D:2 [[=:   D:3 ([   D:6 *


Innate Abilities, Weirdness & Mutations

You cannot wear most types of armour.
You are amphibious.
You can wear up to eight rings at the same time.
Your skin changes colour to match your surroundings (Stealth+).
Your rubbery body absorbs attacks. (AC +1, EV +1)
((You are camouflaged when in or above water. (Stealth+)))
You have tentacles for arms and can constrict up to eight enemies at once.


Message History

You slash the wight!
The wight is no longer distracted by gold.
You grab the wight. You squeeze the wight!
You destroy the wight!
The centaur is no longer distracted by gold.
The centaur shoots an arrow.
The arrow hits you!
You are no longer berserk.
You are exhausted.
You feel yourself slow down.
The yak is distracted by your dazzling golden aura.
The wight is distracted by your dazzling golden aura.
The centaur unwields a +0 shortbow.
You block the centaur's attack. The centaur barely misses you.
Things that are here:
8 gold pieces; a +3 scimitar; a +0 robe You barely miss the centaur.
The centaur is heavily wounded.
The wight is no longer distracted by gold.
The centaur hits you. You block the centaur's attack.
The wight is distracted by your dazzling golden aura.
You block the centaur's attack. The centaur kicks you.
The yak bellows!
You slash the wight!
You destroy the wight!
The yak is no longer distracted by gold.
The centaur hits you. The centaur misses you. The centaur hits you.
* * * LOW HITPOINT WARNING * * *
The centaur kicks you.
* * * LOW HITPOINT WARNING * * *
The yak misses you.
Your Dodging skill increases to level 5!
The yak attacks as you move away! The yak gores you!
* * * LOW HITPOINT WARNING * * *
The wight is no longer distracted by gold.
The centaur wields a +0 shortbow.
The centaur shoots an arrow.
The arrow closely misses you.
The wight is distracted by your dazzling golden aura.
The centaur shoots an arrow.
The arrow hits you!
You die...
Your body crumbles into a pile of gold.

##. ##.Y....Y.
.... ..Y...... .
... ##YY...$..
...#.####.<.......
#.................
.#<.#$.##........
#.....z#########
#...##.$Y#### #..
##c.@..# #.
##$##.....# #.#
###### #.. ##. .#
..


You could see a yak, a centaur and a wight (unaware).

Vanquished Creatures
  Maggie (D:7)
  5 yaks (D:8)
  Eustachio (D:4)
  Menkaure (Ossuary)
  2 water moccasins
  An ice beast (D:6)
  2 sky beasts
  3 ogres
  A centaur (D:5)
  7 kobold brigands (Sewer)
  2 bullfrogs (D:7)
  4 scorpions
  7 wights
  3 hounds
  2 orc priests
  3 jellies
  Jessica (D:2)
  3 iguanas
  5 orc wizards
  Natasha (thrice) (D:3)
  3 mummies (Ossuary)
  11 gnolls
  11 adders
  2 river rats (Sewer)
  2 shadow imps
  2 ufetubi
  4 worms
  4 dart slugs
  25 orcs
  14 endoplasms
  A giant cockroach (D:1)
  3 gnoll zombies (Ossuary)
  6 goblins
  3 hobgoblins
  7 jackals (D:2)
  4 quokkas
  8 ball pythons
  2 bats (D:2)
  4 frilled lizards
  5 gnoll skeletons (Ossuary)
  2 goblin skeletons (Ossuary)
  6 goblin zombies (Ossuary)
  9 hobgoblin skeletons (Ossuary)
  6 hobgoblin zombies (Ossuary)
  20 kobolds
  A kobold skeleton (Ossuary)
  4 kobold zombies (Ossuary)
  7 orc skeletons (Ossuary)
  4 orc zombies (Ossuary)
  26 rats
  A rat skeleton (Ossuary)
  2 rat zombies (Ossuary)
266 creatures vanquished.

Notes
Turn   | Place    | Note
-------+----------+-------------------------------------------
     0 | D:1      | Tirrikindir the Octopode Fighter began the quest for the
                  | Orb.
     0 | D:1      | Reached XP level 1. HP: 16/16 MP: 1/1
   279 | D:1      | Reached XP level 2. HP: 17/21 MP: 2/2
  1074 | D:2      | Found Owickall's Book Shop.
  1090 | D:2      | Noticed Jessica
  1097 | D:2      | Killed Jessica
  1098 | D:2      | Reached skill level 1 in Stealth
  1098 | D:2      | Reached XP level 3. HP: 7/26 MP: 3/3
  1199 | D:2      | Found Juci's Jewellery Shoppe.
  1334 | D:2      | Reached XP level 4. HP: 31/31 MP: 4/4
  1351 | D:2      | Reached skill level 3 in Long Blades
  1649 | D:2      | Found Sicvoety's Antique Armour Shop.
  1760 | D:2      | Found Atoppoh's Antique Armour Emporium.
  1920 | D:3      | Reached XP level 5. HP: 23/36 MP: 5/5
  1982 | D:3      | Noticed Natasha
  1991 | D:3      | Killed Natasha
  1998 | D:3      | Found a bloodstained altar of Trog.
  2073 | D:3      | Found a glowing drain.
  2073 | D:3      | Noticed Natasha
  2078 | D:3      | Killed Natasha
  2091 | Sewer    | Entered a sewer
  2107 | Sewer    | Noticed a kobold brigand
  2119 | Sewer    | Killed a kobold brigand
  2120 | Sewer    | Reached skill level 4 in Long Blades
  2120 | Sewer    | Reached XP level 6. HP: 31/43 MP: 6/6
  2407 | Sewer    | Reached XP level 7. HP: 36/48 MP: 7/7
  2525 | Sewer    | Reached skill level 5 in Long Blades
  3257 | D:3      | Found Qualas's Weapon Shoppe.
  3279 | D:3      | Found Atutz's Antique Armour Emporium.
  3371 | D:3      | Reached skill level 5 in Stealth
  3455 | D:3      | Identified the staff of earth "Diah" {Str+3}
  3856 | D:3      | Noticed Natasha
  3869 | D:3      | Killed Natasha
  3969 | D:4      | Found a staircase to the Ecumenical Temple.
  3977 | D:4      | Reached skill level 5 in Fighting
  3977 | D:4      | Reached skill level 6 in Long Blades
  3977 | D:4      | Reached XP level 8. HP: 40/55 MP: 8/8
  3997 | Temple   | Entered the Ecumenical Temple
  4003 | Temple   | Became a worshipper of Gozag Ym Sagoz the Greedy
  4042 | D:4      | Noticed Eustachio
  4062 | D:4      | HP: 1/55 [orc priest/divine providence (12)]
  4069 | D:4      | Killed Eustachio
  4070 | D:4      | Reached skill level 7 in Long Blades
  4123 | D:4      | Found a burning altar of Makhleb.
  4187 | D:4      | Found a sand-covered staircase.
  4198 | Ossuary  | Entered an ossuary
  4607 | Ossuary  | Noticed Menkaure
  4613 | Ossuary  | Killed Menkaure
  4614 | Ossuary  | Reached skill level 8 in Long Blades
  5173 | D:2      | Bought the ring "Minwayso" {rN+ Int+4 Dex+3 Stlth+} for 578
                  | gold pieces
  5241 | D:5      | Entered Level 5 of the Dungeon
  5307 | D:5      | Reached skill level 9 in Long Blades
  5307 | D:5      | Reached XP level 9. HP: 52/61 MP: 9/9
  5663 | D:5      | Found a shimmering altar of Xom.
  5893 | D:5      | Identified the +6 spear of the Destroying Gods {speed,
                  | Str+2 SInv}
  6261 | D:6      | Reached skill level 1 in Evocations
  6370 | D:6      | Reached skill level 10 in Long Blades
  7184 | D:6      | Reached skill level 5 in Evocations
  7309 | D:6      | Found Ea-nāṣir's Fine Metal Goods.
  7313 | D:6      | Bought a glowing kite shield for 195 gold pieces
  7836 | D:7      | Noticed Maggie
  7843 | D:7      | Killed Maggie
  7844 | D:7      | Reached skill level 1 in Throwing
  7896 | D:7      | Reached XP level 10. HP: 66/66 MP: 10/10
  8615 | D:8      | Reached skill level 5 in Shields
  8619 | D:8      | Reached skill level 5 in Dodging
  8619 | D:8      | Shot with an arrow by a centaur

Illustrated notes

Levels and vault maps discovered:
D:1:      minmay_arrival_split_and_join, layout_basic
D:2:      layout_basic, serial_shops, nicolae_shop_overgrown_old_shop, shop,
          shop, nicolae_shop_temple_entry_statues_fountains, serial_glass,
          glass_columns_a, glass_columns_c, glass_columns_c, glass_columns_a,
          uniq_jessica
D:3:      layout_basic, lemuel_doored_altar, serial_shops, shop, shop,
          cheibrodos_sewer_entry_bend, minmay_rat_hole, uniq_natasha
D:4:      layout_cave_pools, minmay_temple_entry_mini_moons,
          nicolae_ossuary_entry_monument, hangedman_decor_riveting,
          minmay_ruined_shrine, uniq_eustachio
D:5:      layout_basic, old_standard_altar
D:6:      layout_cave_pools, grunt_ministairs_14, grunt_decor_one_mirror,
          nicolae_ea-nasir_strikes_again
D:7:      layout_loops_ring, grunt_decor_resistance, lemuel_flame_loot_1,
          uniq_maggie
D:8:      layout_rooms, nicolae_transmutations_shop
Temple:   sentei_temple_godly_chess

Skill      XL: |  1  2  3  4  5  6  7  8  9 10 |
---------------+-------------------------------+-----
Stealth        | 1 2 3 5 6 |  6.7
Long Blades    | 3 4 6 9 10 | 10.4
Fighting       | 4 5 |  5.8
Dodging        | 4 5 |  5.0
Shields        | 4 5 |  5.0
Evocations     | 5 |  5.5
Throwing       | 1 |  1.8

Action                     |  1- 3 |  4- 6 |  7- 9 | 10-12 || total
---------------------------+-------+-------+-------+-------++-------
  Melee: Long sword        |    49 |    92 |   376 |       ||   517
         Constrict         |    12 |    24 |   121 |     3 ||   160
         Tentacles         |    10 |    17 |    96 |     8 ||   131
         Punch             |       |     3 |     1 |     1 ||     5
         Scimitar          |       |       |     1 |    39 ||    40
  Throw: Boomerang         |       |     2 |       |       ||     2
         Dart              |       |       |     2 |       ||     2
    Use: Scroll            |     3 |     2 |     9 |       ||    14
         Potion            |     2 |       |     5 |     1 ||     8
   Stab: Sleeping          |     3 |     8 |    37 |       ||    48
         Distracted        |       |       |     2 |       ||     2
 Armour: Skin              |     4 |     1 |    11 |     2 ||    18
  Dodge: Dodged            |    23 |    39 |   150 |     7 ||   219
  Block: Buckler           |    11 |    21 |    53 |       ||    85
         Kite shield       |       |       |     6 |    19 ||    25
         Reflection        |       |       |       |     1 ||     1
